 Dungeon Crawl Stone Soup version 0.22-a0-880-gb7b0c8b (webtiles) character file.

53 exewon the Vexing (level 4, -4/32 HPs)
             Began as a Human Arcane Marksman on July 31, 2018.
             Slain by an adder (5 damage)
             ... on level 2 of the Dungeon.
             The game lasted 00:09:52 (1582 turns).

exewon the Vexing (Human Arcane Marksman)           Turns: 1582, Time: 00:09:53

Health: -4/32      AC:  2    Str: 10    XL:     4   Next: 11%
Magic:  4/6        EV: 13    Int: 14    God:
Gold:   64         SH:  0    Dex: 14    Spells: 2/5 levels left

rFire    . . .     SeeInvis .   a - +0 shortbow
rCold    . . .     Gourm    .   (shield currently unavailable)
rNeg     . . .     Faith    .   e - +0 robe
rPois    .         Spirit   .   (no helmet)
rElec    .         Reflect  .   (no cloak)
rCorr    .         Harm     .   (no gloves)
MR       .....                  (no boots)
Stlth    +.........             (no amulet)
HPRegen  0.10/turn              (no ring)
MPRegen  0.10/turn              (no ring)

@: lethally poisoned (-4 -> -14), flying (expiring), hasted, very quick
A: no striking features
a: no special abilities


You were on level 2 of the Dungeon.
You were hungry.

You visited 1 branch of the dungeon, and saw 2 of its levels.

You collected 64 gold pieces.

Inventory:

Hand Weapons
 a - a +0 shortbow (weapon)
 b - a +0 short sword
Armour
 e - a +0 robe (worn)
Jewellery
 k - a +4 ring of dexterity {unknown}
Scrolls
 g - a scroll of random uselessness {unknown}
 h - a scroll of remove curse {unknown}
 m - a scroll of immolation {unknown}
 n - a scroll of enchant armour {unknown}
Potions
 i - a potion of lignification {unknown}
 j - a potion of flight
Comestibles
 c - 2 chunks of flesh
 f - 3 rations


   Skills:
 - Level 1.4 Fighting
 + Level 2.4 Bows
 + Level 2.4 Dodging
 + Level 1.4 Spellcasting
 * Level 3.7 Hexes


You had 2 spell levels left.
You knew the following spells:

 Your Spells              Type           Power        Failure   Level  Hunger
a - Corona                Hex            ##.....      5%          1    ##.....
b - Slow                  Hex            ##......     9%          2    ###....

Your spell library contained the following spells:

 Spells                   Type           Power        Failure   Level  Hunger
 Cause Fear               Hex            ##........   47%         4    #####..
 Portal Projectile        Hex/Tloc       #.....       34%         3    ####...
 Leda's Liquefaction      Hex/Erth       #.........   75%         4    #####..
 Inner Flame              Hex/Fire       #.......     34%         3    ####...


Dungeon Overview and Level Annotations

Branches:
Dungeon (2/15)

Altars:
Elyvilon
Uskayaw


Message History

* * * LOW HITPOINT WARNING * * *
You are more poisoned.
The adder poisons you! The adder barely misses you.
You are starting to lose your buoyancy.
* * * LOW HITPOINT WARNING * * *
You feel sick.
Are you sure you want to fly over deep water while you are losing your buoyancy? [Y]es or [N]o only, please.
Are you sure you want to fly over deep water while you are losing your buoyancy? [Y]es or [N]o only, please.
Are you sure you want to fly over deep water while you are losing your buoyancy? [Y]es or [N]o only, please.
Are you sure you want to fly over deep water while you are losing your buoyancy? [Y]es or [N]o only, please.
Are you sure you want to fly over deep water while you are losing your buoyancy?
Okay, then.
The adder barely misses you.
* * * LOW HITPOINT WARNING * * *
You feel sick. The adder bites you.
You die...

.... ♣♣...(...♣♣ ?.#
♣♣.....♣♣ . ♣♣...♣♣
♣♣.....♣♣ ♣♣.......♣♣
♣...≈≈≈...♣
♣♣..≈≈≈≈≈..♣♣
♣...≈≈SS≈...♣
♣♣..≈≈@≈≈..♣♣
♣...≈≈≈...♣
♣♣.......♣♣ ########
♣♣.....♣♣ .......##
♣♣...♣♣ ........#
♣♣.....♣♣ ........##
♣♣..)....♣
.........##♣...≈≈≈...♣
..............≈≈≈≈≈..#


You could see 2 adders.

Vanquished Creatures
  An adder (D:2)
  2 dart slugs (D:1)
  2 leopard geckos (D:2)
  3 ball pythons
  4 bats
  A giant cockroach (D:1)
  7 goblins
  5 hobgoblins
  2 frilled lizards
  3 kobolds
  7 rats
37 creatures vanquished.

Notes
Turn   | Place    | Note
-------+----------+-------------------------------------------
     0 | D:1      | exewon the Human Arcane Marksman began the quest for the Orb.
     0 | D:1      | Reached XP level 1. HP: 15/15 MP: 2/2
   145 | D:1      | Reached XP level 2. HP: 16/21 MP: 1/3
   390 | D:1      | Reached XP level 3. HP: 20/26 MP: 1/4
   468 | D:1      | Learned a level 2 spell: Slow
  1442 | D:2      | Found a hide-covered altar of Uskayaw.
  1457 | D:2      | Reached XP level 4. HP: 27/32 MP: 4/6
  1493 | D:2      | Found a white marble altar of Elyvilon.
  1582 | D:2      | HP: 1/32 [poisoned by an adder]
  1582 | D:2      | Slain by an adder

Vault maps used:
D:1:      dpeg_arrival_boxorama, minmay_octomino_e4
D:2:      lemuel_round_altar, elyvilon_altar_3, minmay_tall_x

Action                   |  1- 3 |  4- 6 || total
-------------------------+-------+-------++-------
 Fire: Shortbow          |    87 |    19 ||   106
 Cast: Corona            |    27 |     3 ||    30
       Slow              |     4 |     3 ||     7
  Use: Scroll            |     1 |       ||     1
       Potion            |       |     3 ||     3
  Eat: Chunk             |     3 |       ||     3
Armor: Robe              |     6 |     4 ||    10
Dodge: Dodged            |    41 |    33 ||    74

Table legend:
 A = Spawn XP
 B = Non-spawn XP
 C = Spawn XP percentage of total XP
 D = Spawn monster count
 E = Non-spawn monster count
 F = Spawn count percentage of total count
 G = Total turns spent on level
                    A         B        C        D         E        F      G
               +---------+---------+-------+---------+---------+-------+---------
         Total |       0 |      77 |   0.0 |       0 |      37 |   0.0 |  1582
               +---------+---------+-------+---------+---------+-------+---------
           D:1 |       0 |      39 |   0.0 |       0 |      22 |   0.0 |  1106
           D:2 |       0 |      38 |   0.0 |       0 |      15 |   0.0 |   476
               +---------+---------+-------+---------+---------+-------+---------
